 Dungeon Crawl Stone Soup version 0.31.0-7-gf635a9b802 (webtiles) character file.

Game seed: 132502285171916568

2933 JustSomeDude the Spear-Bearer (level 9, -6/103 (106) HPs)
             Began as a Demonspawn Monk on Jan 23, 2024.
             Was a Believer of Qazlal.
             Succumbed to a green very ugly thing's poison
             ... on level 1 of the Abyss.
             The game lasted 00:23:36 (6702 turns).

JustSomeDude the Spear-Bearer (Demonspawn Monk)     Turns: 6702, Time: 00:23:36

HP:   -6/103 (106)  AC: 11    Str: 11 (14) XL:     9   Next: 51%
MP:   9/9           EV: 14    Int:  8 (11) God:    Qazlal [**....]
Gold: 256           SH:  2    Dex: 15 (17) Spells: 8/9 levels left

rFire   . . .        a - +1 spear
rCold   . . .        d - orb {light}
rNeg    . . .        b - +0 robe
rPois   .            l - +0 helmet
rElec   .            (no cloak)
rCorr   +            e - +0 pair of gloves
SInv    .            x - +0 pair of boots
Will    .....        y - amulet of magic regeneration Stlth
                     n - ring of resist corrosion
HPRegen 0.37/turn    (no ring)
MPRegen 0.51/turn

%: no passive effects
@: berserking (expiring), lethally poisoned (-6 -> -98), sanguine armoured,
slowed, glowing, lightly drained
A: hooves 1, spiny 3, sanguine armour 1, demonic magic 1
a: Renounce Religion, Upheaval


You were on level 1 of the Abyss.
You worshipped Qazlal.
Qazlal was pleased with you.
You visited 1 branch of the dungeon, and saw 7 of its levels.
You visited the Abyss 1 time.
You also visited: Ossuary.

You collected 256 gold pieces.

Inventory:

Hand Weapons
 a - a +1 spear (weapon)
 j - a +2 dagger of electrocution
 v - a +1 short sword of freezing
 C - a +0 sling
Missiles
 p - 6 boomerangs (quivered)
 B - 46 stones
Armour
 b - a +0 robe (worn)
 d - an orb of light (worn)
 e - a +0 pair of gloves (worn)
 k - a +0 buckler
 l - a +0 helmet (worn)
 x - a +0 pair of boots (worn)
 O - a +0 ring mail
Jewellery
 n - a ring of resist corrosion (left hand)
 y - an amulet of magic regeneration (around neck)
Talismans
 w - a beast talisman
Wands
 G - a wand of roots (10)
Scrolls
 h - 3 scrolls of enchant weapon
 i - 3 scrolls of immolation
 o - 5 scrolls of identify
 q - a scroll of vulnerability
 t - a scroll of noise {unknown}
 u - 2 scrolls of fear
 z - a scroll of summoning {unknown}
 A - 2 scrolls of poison
 H - a scroll of acquirement {unknown}
 K - a scroll of torment {unknown}
 N - a scroll of amnesia {unknown}
Potions
 c - a potion of ambrosia
 f - a potion of magic {unknown}
 g - 2 potions of haste {unknown}
 r - 2 potions of degeneration
 E - a potion of resistance {unknown}
 F - 3 potions of curing
 I - a potion of heal wounds {unknown}
 J - a potion of lignification {unknown}
 L - a potion of enlightenment {unknown}
 M - a potion of brilliance {unknown}


   Skills:
 + Level 6.5 Fighting
 + Level 9.6 Polearms
 + Level 0.4 Throwing
 + Level 5.7 Dodging
 + Level 2.6 Stealth
 + Level 0.6 Spellcasting
 + Level 1.0 Necromancy


You had 8 spell levels left.
You knew the following spells:

 Your Spells              Type           Power      Damage    Failure   Level
a - Necrotise             Necr           4%         1d4       28%         1

Your spell library contained the following spells:

 Spells                   Type           Power      Damage    Failure   Level
 Magic Dart               Conj           0%         1d3       38%         1
 Blink                    Tloc           0%         N/A       54%         2
 Call Imp                 Summ           0%         N/A       54%         2
 Jinxbite                 Hex            0%         N/A       54%         2
 Vampiric Draining        Necr           1%         2d6       63%         3
 Call Canine Familiar     Summ           0%         N/A       77%         3
 Ozocubu's Armour         Ice            0%         N/A       77%         3
 Sigil of Binding         Hex            0%         N/A       77%         3
 Martyr's Knell           Necr/Summ      1%         N/A       98%         4
 Dimensional Bullseye     Hex/Tloc       0%         N/A       99%         4
 Curse of Agony           Necr           1%         N/A       100%        5
 Metabolic Englaciation   Hex/Ice        0%         N/A       100%        5
 Yara's Violent Unravell  Hex/Alch       0%         3d3       100%        5
 Sculpt Simulacrum        Ice/Alch       0%         N/A       100%        6
 Enfeeble                 Hex            0%         N/A       100%        7


Dungeon Overview and Level Annotations

Branches:
Dungeon (7/15)             Temple (0/1) D:7         Ossuary (visited)

Altars:
Okawaru
Qazlal
Trog
Xom

Shops:
D:4 [

Annotations:
D:6 2 transporters, mohammadb5305's ghost, novice MiFi


Innate Abilities, Weirdness & Mutations

You have large cloven feet.
You are completely covered in sharp spines.
When seriously injured, your blood forms armour. (AC +6)
Spells you cast may paralyse adjacent enemies.


Message History

You feel better. The lich is struck by your spines.
The lich touches you but does no damage.
A green very ugly thing comes into view.
The lich touches you!
The green very ugly thing moves out of view.
A red film seems to cover your vision as you go berserk!
You feel yourself moving faster!
You feel mighty!
You hear a horrible gurgling sound!
The lich barely misses you. The lich touches you!
You barely miss the lich.
The lich is lightly damaged.
The lich closely misses you.
You hit the lich but do no damage.
The lich is lightly damaged.
The lich touches you!
You hit the lich.
The lich is lightly damaged.
The lich is struck by your spines. The lich barely misses you.
You barely miss the lich.
The lich is lightly damaged.
The lich touches you but does no damage.
You puncture the lich!
The lich is moderately damaged.
The green very ugly thing is struck by your spines.
The green very ugly thing bites you!
* * * LOW HITPOINT WARNING * * *
The lich is struck by your spines. The lich closely misses you.
You completely miss the lich.
The lich is heavily damaged.
The lich is struck by your spines.
The lich touches you but does no damage.
You barely miss the lich.
The lich is heavily damaged.
The green very ugly thing bites you!
* * * LOW HITPOINT WARNING * * *
You are lethally poisoned!
The green very ugly thing poisons you! The lich completely misses you.
You barely miss the lich.
The lich is heavily damaged.
You die...

#.. #.. ...
# .. # .#.#
. #..# ...
#u.# .#.
###@# . .#
#.L##..#
..#.#...
.....#.#..##
.##..# .L##.
### ....#. .
.... #
#.#..# ##..
#..# . #.
.....#..###
. #..#....#


You could see a green very ugly thing and a lich (fast, invisible).

Vanquished Creatures
  2 water moccasins (D:6)
  4 ice beasts
  3 black bears (D:6)
  2 centaurs
  2 phantoms
  2 bullfrogs
  7 wights
  A bombardier beetle (D:5)
  6 bullfrog zombies (Ossuary)
  2 hounds
  4 jellies
  2 orc priests (D:5)
  Natasha (twice) (D:4)
  3 iguanas
  3 orc wizards
  A killer bee zombie (Ossuary)
  3 crocodile zombies (Ossuary)
  6 mummies (Ossuary)
  7 howler monkey zombies (Ossuary)
  11 gnolls
  7 adders
  2 white imps (D:6)
  3 dart slugs
  4 ribbon worms
  15 orcs
  5 endoplasms
  7 giant cockroaches
  10 goblins
  9 hobgoblins
  4 jackals (D:2)
  6 kobolds
  4 quokkas
  5 ball pythons
  4 ball python zombies (Ossuary)
  8 bats
  2 frilled lizards (D:2)
  4 rats
172 creatures vanquished.

Notes
Turn   | Place    | Note
-------+----------+-------------------------------------------
     0 | D:1      | JustSomeDude the Demonspawn Monk began the quest for the
                  | Orb.
     0 | D:1      | Reached XP level 1. HP: 18/18 MP: 1/1
   102 | D:1      | Gained mutation: You are partially covered in sharp spines.
                  | [demonic ancestry]
   102 | D:1      | Reached XP level 2. HP: 24/24 MP: 2/2
   148 | D:1      | Reached skill level 3 in Polearms
   374 | D:1      | Gained mutation: You have large cloven feet. [demonic
                  | ancestry]
   374 | D:1      | Reached XP level 3. HP: 29/29 MP: 3/3
  1148 | D:2      | Found a faded altar of an unknown god.
  1151 | D:2      | Gained mutation: Spells you cast may paralyse adjacent
                  | enemies. [demonic ancestry]
  1151 | D:2      | Reached XP level 4. HP: 37/37 MP: 4/4
  2292 | D:4      | Noticed Natasha
  2301 | D:4      | Killed Natasha
  2302 | D:4      | Reached skill level 4 in Polearms
  2302 | D:4      | Gained mutation: When seriously injured, your blood forms
                  | armour. (AC +6) [demonic ancestry]
  2302 | D:4      | Reached XP level 5. HP: 27/42 MP: 5/5
  2426 | D:4      | Learned a level 1 spell: Necrotise
  2745 | D:4      | Found Porchuoli's Antique Armour Shoppe.
  2791 | D:4      | Noticed Natasha
  2809 | D:4      | Killed Natasha
  2810 | D:4      | Reached skill level 1 in Stealth
  2945 | D:4      | Gained mutation: You are mostly covered in sharp spines.
                  | [demonic ancestry]
  2945 | D:4      | Reached XP level 6. HP: 45/48 MP: 6/6
  3300 | D:5      | Entered Level 5 of the Dungeon
  3329 | D:5      | Reached skill level 5 in Polearms
  3685 | D:5      | Gained mutation: You are completely covered in sharp
                  | spines. [demonic ancestry]
  3685 | D:5      | Reached XP level 7. HP: 55/55 MP: 7/7
  3737 | D:5      | Found a bloodstained altar of Trog.
  4059 | D:5      | Reached skill level 6 in Polearms
  4247 | D:5      | Reached skill level 5 in Fighting
  4383 | D:5      | Reached XP level 8. HP: 33/62 MP: 8/8
  4630 | D:5      | Reached skill level 7 in Polearms
  4915 | D:6      | Reached skill level 1 in Necromancy
  4915 | D:6      | Found a transporter.
  4922 | D:6      | Noticed mohammadb5305's ghost (novice MiFi)
  4934 | D:6      | Found a transporter.
  4990 | D:6      | Found a sand-covered staircase.
  5030 | Ossuary  | Entered an ossuary
  5104 | Ossuary  | Reached skill level 8 in Polearms
  5231 | Ossuary  | Reached skill level 5 in Dodging
  5417 | Ossuary  | Reached XP level 9. HP: 64/69 MP: 9/9
  5729 | D:6      | Found a stormy altar of Qazlal.
  5729 | D:6      | Found a faded altar of an unknown god.
  5735 | D:6      | Found a faded altar of an unknown god.
  5737 | D:6      | Found an iron altar of Okawaru.
  5739 | D:6      | Found a shimmering altar of Xom.
  5766 | D:6      | Became a worshipper of Qazlal Stormbringer
  5766 | D:6      | Reached * piety under Qazlal
  5766 | D:6      | Reached ** piety under Qazlal
  5858 | D:6      | Reached skill level 9 in Polearms
  6515 | D:7      | Found a staircase to the Ecumenical Temple.
  6533 | Abyss:1  | Cast into level 1 of the Abyss (gnoll sergeant)
  6645 | Abyss:1  | Noticed a rust devil
  6670 | Abyss:1  | Noticed a lich
  6693 | Abyss:1  | Noticed a green very ugly thing
  6702 | Abyss:1  | Succumbed to a green very ugly thing's poison

Illustrated notes

Levels and vault maps discovered:
D:1:      erik_arrival_blinker_ship, layout_basic, st_stairs_9, minmay_domino_2
D:2:      layout_loops_cross, shapermc_ecumenical_altar_gd
D:3:      layout_basic
D:4:      layout_cave_pods, serial_shops, shop_statue,
          kennysheep_generic_room_9, uniq_natasha
D:5:      layout_basic, trog_three_pillars_becter, grunt_ministairs_14
D:6:      layout_gridville, chequers_temple_overflow_minitemple,
          nicolae_ossuary_entry_false_entrances, gammafunk_ghost_arena
D:7:      layout_basic, mainiacjoe_overflow_six_doors_small,
          minmay_temple_entry_drinking_statues, blue_anna_alchemist,
          minivault_25
Abyss:1:  base:
D:4

Skill      XL: |  1  2  3  4  5  6  7  8  9 |
---------------+----------------------------+-----
Polearms       | 3 4 5 6 8 9 |  9.6
Dodging        | 3 4 5 |  5.7
Fighting       | 4 5 6 |  6.5
Stealth        | 1 2 |  2.6
Necromancy     | 1 |  1.0
Throwing       | |  0.4
Spellcasting   | |  0.6

Action                     |  1- 3 |  4- 6 |  7- 9 || total
---------------------------+-------+-------+-------++-------
  Melee: Spear             |   107 |   170 |   449 ||   726
         Kick              |    17 |     2 |       ||    19
  Throw: Boomerang         |       |       |     7 ||     7
   Cast: Necrotise         |       |     2 |       ||     2
    Use: Potion            |       |       |     6 ||     6
         Scroll            |       |       |    11 ||    11
   Stab: Paralysed         |       |     2 |       ||     2
         Distracted        |       |       |     1 ||     1
         Sleeping          |       |       |     1 ||     1
 Armour: Robe              |    27 |    60 |   136 ||   223
  Dodge: Dodged            |    33 |    68 |   166 ||   267
